 Dungeon Crawl Stone Soup version 0.19.5 (webtiles) character file.

123580 Aguirre the Severer (level 16, 0/149 HPs)
             Began as a Minotaur Berserker on Mar 24, 2017.
             Was a High Priest of Trog.
             Slain by a deep troll (5 damage)
             ... on level 1 of the Depths on Mar 25, 2017.
             The game lasted 05:14:56 (28831 turns).

Aguirre the Severer (Minotaur Berserker)           Turns: 28831, Time: 05:14:56

Health: 0/149      AC: 41    Str: 33    XL:     16   Next: 37%
Magic:  5/5        EV: 12    Int: 16    God:    Trog [*****.]
Gold:   1988       SH:  7    Dex: 10    Spells: 0 memorised, 15 levels left

rFire  + . .     SeeInvis .     a - +4 war axe of Guuc {antimagic, rElec rPois MR+ Int+5}
rCold  . . .     Gourm    .     M - +10 plate armour of Altruism {*Drain +Blink Regen+ Int+6}
rNeg   + . .     Faith    .     N - +2 buckler {rN+}
rPois  +         Spirit   .     J - +2 hat
rElec  +         Reflect  .     u - +1 cloak
rCorr  .         Harm     .     q - +2 pair of gloves
MR     ++...                    Q - +2 pair of boots {Stlth+}
Stlth  ..........               f - amulet of magic regeneration
                                L - ring of protection from fire
                                p - +3 ring of protection

@: mighty
A: retaliatory headbutt, horns 2
a: Berserk, Trog's Hand, Brothers in Arms, Burn Spellbooks, Renounce Religion,
Evoke Blink


You were on level 1 of the Depths.
You worshipped Trog.
Trog was extremely pleased with you.
You were not hungry.

You visited 5 branches of the dungeon, and saw 25 of its levels.

You collected 3704 gold pieces.
You spent 1716 gold pieces at shops.

Inventory:

Hand Weapons
 a - the +4 war axe of Guuc (weapon) {antimagic, rElec rPois MR+ Int+5}
   (Trog gifted it to you on level 6 of the Lair of Beasts)

   It reduces the magical energy of the wielder, and disrupts the spells and
   magical abilities of those hit.
   Natural abilities and divine invocations are not affected.
   It affects your intelligence (+5).
   It insulates you from electricity.
   It protects you from poison.
   It affects your resistance to hostile enchantments.
 b - a +1 hunting sling
 j - a +3 antimagic hand axe
 T - the +11 executioner's axe "Vefiynoc" {flame, rC+}
   (Trog gifted it to you on level 9 of the Dungeon)

   It has been specially enchanted to burn those struck by it, causing extra
   injury to most foes and up to half again as much damage against particularly
   susceptible opponents.
   Big, fiery blades are also staple armaments of hydra-hunters.
   It protects you from cold.
Missiles
 m - 3 tomahawks of returning
 F - 248 sling bullets
 W - 5 javelins
 Z - 4 silver tomahawks (quivered)
Armour
 q - a +2 pair of gloves (worn)
 u - a +1 cloak (worn)
 J - a +2 hat (worn)
 M - the +10 plate armour of Altruism (worn) {*Drain +Blink Regen+ Int+6}
   (You bought it in a shop on level 2 of the Orcish Mines)

   It affects your intelligence (+6).
   It lets you blink.
   It increases your rate of regeneration.
   It causes draining when unequipped.
 N - a +2 buckler of positive energy (worn)
 Q - a +2 pair of boots of stealth (worn)
Jewellery
 f - an amulet of magic regeneration (around neck)
 h - a +2 ring of evasion
 o - an uncursed ring of ice
 p - a +3 ring of protection (left hand)
 L - a ring of protection from fire (right hand)
 R - a +4 ring of evasion
 U - an uncursed ring of positive energy
Wands
 n - a wand of flame (13/48)
 v - a wand of slowing (41/48)
 x - a wand of paralysis (11/24)
 y - a wand of acid (7/15)
 D - a wand of iceblast (2/15)
 E - a wand of disintegration (9/24)
 G - a wand of heal wounds (0/9)
 I - a wand of hasting (6/9)
 V - a wand of confusion (25/48)
Scrolls
 g - 6 scrolls of remove curse
 i - 2 scrolls of magic mapping
 r - 4 scrolls of identify
 s - 3 scrolls of recharging
 t - 8 scrolls of teleportation
 P - a scroll of acquirement
 S - 3 scrolls of fear
 Y - a scroll of blinking
Potions
 e - 3 potions of cancellation
 k - a potion of resistance
 l - a potion of brilliance {unknown}
 B - 7 potions of curing
 K - 2 potions of flight {unknown}
 O - 2 potions of might
 X - 3 potions of heal wounds
Books
 z - a book of Dreams

   Spells                             Type                      Level
   a - Ensorcelled Hibernation        Hexes/Ice                    2
   b - Silence                        Hexes/Air                    5
   c - Darkness                       Hexes                        6
   d - Shadow Creatures               Summoning                    6
   Trog disapproves of the use of such an item.
 C - a book of the Earth

   Spells                             Type                      Level
   a - Leda's Liquefaction            Hexes/Earth                  4
   b - Bolt of Magma                  Conjuration/Fire/Earth       5
   c - Statue Form                    Transmutation/Earth          6
   d - Iron Shot                      Conjuration/Earth            6
   e - Shatter                        Earth                        9
   Trog disapproves of the use of such an item.
 H - a book of the Tempests

   Spells                             Type                      Level
   a - Static Discharge               Conjuration/Air              3
   b - Lightning Bolt                 Conjuration/Air              5
   c - Fireball                       Conjuration/Fire             5
   d - Tornado                        Air                          9
   e - Shatter                        Earth                        9
   Trog disapproves of the use of such an item.
Miscellaneous
 A - a phial of floods
Comestibles
 c - 17 bread rations
 d - 11 meat rations


   Skills:
 + Level 15.3 Fighting
 + Level 20.4(20.5) Axes
   Level 1.6(14.0) Maces & Flails
 + Level 12.3(12.6) Slings
 + Level 3.7(8.3) Throwing
 + Level 14.5 Armour
 + Level 7.6 Dodging
 - Level 5.0 Stealth
 * Level 5.3 Shields
 + Level 1.3 Evocations


You had 15 spell levels left.
You didn't know any spells.

Dungeon Overview and Level Annotations

Branches:
Dungeon (15/15)            Temple (1/1) D:7            Lair (6/6) D:9
 Shoals (0/4) Lair:4       Spider (0/4) Lair:4          Orc (2/2) D:10
    Elf (0/3) Orc:2        Vaults (0/5) D:13         Depths (1/5) D:15
  Slime: Lair:5-6

Altars:
Ashenzari
Cheibriados
Dithmenos
Elyvilon
Fedhas
Gozag
Hepliaklqana
Kikubaaqudgha
Makhleb
Nemelex Xobeh
Okawaru
Qazlal
Ru
Sif Muna
Trog
Uskayaw
Vehumet
Xom
Yredelemnul
Zin
The Shining One

Shops:
D:8 }   D:12 *   Orc:2 *[:%

Portals:
Hell: Depths:1
Trove: D:15 (give +6 demon whip)

Annotations:
Lair:3 darthinebriated's ghost, journeyman HOFi
Lair:5 exclusion: 2 oklob plants


Innate Abilities, Weirdness & Mutations

You reflexively headbutt those who attack you in melee.
You have a pair of horns on your head.


Message History

The deep troll claws you but does no damage. x2
You feel very mighty all of a sudden. You block the deep troll's attack.
The deep troll misses you. The deep troll claws you!
The deep troll bites you but does no damage.
The deep troll claws you but does no damage.
The deep troll misses you.
Two slime creatures merge to form a very large slime creature.
You slash the deep troll! You headbutt the deep troll!
The deep troll is severely wounded.
The deep troll bites you!!
* * * LOW HITPOINT WARNING * * *
The deep troll claws you!!
* * * LOW HITPOINT WARNING * * *
The deep troll closely misses you.
Unknown command.
Two slime creatures merge to form a large slime creature.
The deep troll barely misses you. You furiously retaliate!
You headbutt the deep troll! The deep troll claws you.
You die...

#.#.#.#.#.................
#..###............##....##
##. #...(........##....##
#. #####(###...##......#
#. ####T.(.T...##......#
#. #....J.....##........
#.###.##J##....##........
#.(...##T##...##...J##..[
##.#####@###..##....# ...
#.# ###'###...# #.#
#.........##
##.###..........#
#....'..........## #
#.####...........# # #.#
#...........# # #.#
#..........# # #.#
#..........#


You could see a very large slime creature, a large slime creature, a deep troll
and a deep troll shaman.

Vanquished Creatures
  2 liches (Depths:1)
  Agnes (D:15)
  A fire giant (Depths:1)
  An orc warlord (Orc:1)
  A juggernaut skeleton (D:15)
  6 stone giants
  3 ettins (Orc:2)
  Snorg (D:14)
  A yaktaur captain (Depths:1)
  Josephine (D:11)
  2 fire dragons
  6 jiangshi (Depths:1)
  3 hydras
  2 great orbs of eyes (Depths:1)
  8 vault guards (D:13)
  Fannar (D:10)
  3 centaur warriors
  A rakshasa (Depths:1)
  An ice dragon (Lair:6)
  A catoblepas (D:14)
  2 vampire magi (Depths:1)
  4 death yaks (Lair:2)
  3 tengu warriors
  A titan zombie (Depths:1)
  Sonja (Lair:1)
  Nergalle (Orc:1)
  5 skeletal warriors
  The ghost of antares the Spear-Bearer, a novice MfGl (D:7)
  2 deep trolls (Depths:1)
  3 unseen horrors (D:15)
  5 hill giants
  A lindwurm (Lair:6)
  2 flayed ghosts
  A glowing orange brain (Depths:1)
  An orc sorcerer (Orc:1)
  2 deep elf magi
  2 necromancers
  A stone giant zombie (Depths:1)
  12 ugly things
  A fire giant zombie (D:15)
  A faun (Lair:4)
  An oklob plant (Lair:2)
  4 manticores
  12 cyclopes
  A fire giant skeleton (D:15)
  9 black mambas
  8 spiny frogs
  7 torpor snails
  A centaur skeleton (D:14)
  A guardian serpent (D:10)
  A yaktaur zombie (D:15)
  4 gargoyles
  3 rime drakes
  3 kobold demonologists (D:15)
  An efreet (D:15)
  A spark wasp simulacrum (Depths:1)
  2 tengu conjurers
  10 yaktaurs (Depths:1)
  A yaktaur skeleton (Depths:1)
  5 komodo dragons
  3 merfolk
  A troll (shapeshifter) (D:15)
  4 tyrant leeches (Lair:6)
  2 jumping spiders (Lair:4)
  8 hornets
  7 trolls
  2 polar bears
  A meliai (shapeshifter) (D:15)
  A spriggan zombie (Depths:1)
  8 hippogriffs
  4 dream sheep
  A slime creature (Depths:1)
  7 blink frogs
  2 redbacks (Lair:4)
  5 wraiths
  6 basilisks
  49 yaks
  6 wyverns
  A yak (shapeshifter) (D:15)
  2 hungry ghosts (D:10)
  A basilisk (shapeshifter) (D:14)
  3 steam dragons
  A warg (Orc:2)
  2 mottled dragons
  2 soldier ants
  15 water moccasins
  4 porcupines
  6 sky beasts
  A hornet zombie (D:15)
  23 orc warriors
  4 phantoms
  Purgy (D:3)
  A black bear (D:7)
  3 swamp drakes
  4 wolves (Lair:1)
  4 ice beasts
  A necrophage (D:11)
  10 ogres
  17 crocodiles
  11 centaurs
  21 bullfrogs
  A wyvern zombie (D:11)
  A gnoll sergeant (D:11)
  A wyvern skeleton (D:7)
  3 scorpions
  20 killer bees
  10 wights
  3 electric eels
  5 crimson imps
  3 howler monkeys
  A centaur zombie (D:12)
  A quasit (D:5)
  2 bullfrog zombies
  3 hounds
  22 orc priests
  13 jellies
  30 orc wizards
  A bullfrog skeleton (D:12)
  Natasha (twice) (D:3)
  6 iguanas
  5 worker ants
  Terence (D:3)
  A killer bee zombie (D:5)
  A worker ant zombie (D:10)
  Robin (D:2)
  14 gnolls
  A howler monkey skeleton (D:5)
  14 adders
  2 river rats (D:9)
  2 shadow imps
  12 oozes
  2 adder skeletons
  3 adder zombies
  3 dart slugs
  3 worms
  6 leopard geckos
  78 orcs
  2 giant cockroaches
  13 goblins
  13 hobgoblins
  6 jackals
  5 quokkas
  3 ball pythons
  23 bats
  6 frilled lizards
  10 kobolds
  A quokka skeleton (D:6)
  20 rats
  3 fungi
  13 plants
  4 withered plants (D:15)
827 creatures vanquished.

Vanquished Creatures (collateral kills)
  A rime drake (Lair:6)
  A mottled dragon (Lair:6)
  An iguana (Lair:6)
  A plant (Lair:6)
4 creatures vanquished.

Vanquished Creatures (others)
  A water moccasin (Lair:5)
  6 fungi
  22 plants
  2 withered plants (D:15)
31 creatures vanquished.

Grand Total: 862 creatures vanquished

Notes
Turn   | Place    | Note
-------+----------+-------------------------------------------
     0 | D:1      | Aguirre the Minotaur Berserker began the quest for the Orb.
     0 | D:1      | Reached XP level 1. HP: 19/19 MP: 0/0
   227 | D:1      | Reached skill level 4 in Axes
   236 | D:1      | Reached XP level 2. HP: 27/27 MP: 1/1
   856 | D:2      | Reached XP level 3. HP: 33/33 MP: 2/2
   865 | D:2      | Reached ** piety under Trog
   923 | D:2      | Found a radiant altar of Vehumet.
  1215 | D:2      | Noticed Robin
  1240 | D:2      | Reached XP level 4. HP: 31/40 MP: 3/3
  1250 | D:2      | Killed Robin
  1610 | D:3      | Found a sparkling altar of Nemelex Xobeh.
  1719 | D:3      | Reached skill level 5 in Axes
  1766 | D:3      | Noticed Natasha
  1776 | D:3      | Killed Natasha
  1776 | D:3      | Reached XP level 5. HP: 41/47 MP: 4/4
  1819 | D:3      | Noticed Terence
  1829 | D:3      | Killed Terence
  1873 | D:3      | Noticed Natasha
  1882 | D:3      | Killed Natasha
  1882 | D:3      | Reached skill level 1 in Slings
  2035 | D:3      | Noticed Purgy
  2046 | D:3      | Killed Purgy
  2046 | D:3      | Reached XP level 6. HP: 46/55 MP: 5/5
  2296 | D:3      | Reached *** piety under Trog
  2622 | D:4      | Reached skill level 5 in Fighting
  2622 | D:4      | Reached skill level 6 in Axes
  2664 | D:4      | Found an ancient bone altar of Kikubaaqudgha.
  3141 | D:4      | Found a glowing silver altar of Zin.
  3253 | D:4      | Reached skill level 1 in Maces & Flails
  3630 | D:4      | Reached XP level 7. HP: 56/61 MP: 6/6
  3811 | D:4      | Found a glowing golden altar of the Shining One.
  4073 | D:5      | Entered Level 5 of the Dungeon
  4340 | D:5      | Got a slimy scale mail
  4351 | D:5      | Identified the +8 scale mail of the Black Moon {rPois rC- Regen+} (You found it on level 5 of the Dungeon)
  4364 | D:5      | Reached skill level 5 in Armour
  4510 | D:5      | Found a snail-covered altar of Cheibriados.
  4676 | D:5      | Reached skill level 1 in Stealth
  4879 | D:5      | Reached skill level 7 in Axes
  4894 | D:5      | Reached XP level 8. HP: 66/70 MP: 7/7
  5119 | D:6      | Reached **** piety under Trog
  5272 | D:6      | Reached skill level 5 in Slings
  5452 | D:6      | Received a gift from Trog
  5452 | D:6      | Reached skill level 8 in Axes
  5749 | D:6      | Found a blossoming altar of Fedhas.
  5920 | D:7      | Noticed a hippogriff
  5932 | D:7      | Killed a hippogriff
  5951 | D:7      | Noticed antares's ghost (novice MfGl)
  5975 | D:7      | Killed antares's ghost
  5975 | D:7      | Reached skill level 9 in Axes
  5975 | D:7      | Reached XP level 9. HP: 78/78 MP: 8/8
  6103 | D:7      | Found a staircase to the Ecumenical Temple.
  6302 | D:7      | Reached skill level 10 in Axes
  6842 | D:7      | Found a faded altar of an unknown god.
  6842 | D:7      | Found a stormy altar of Qazlal.
  6850 | D:7      | Received a gift from Trog
  6866 | D:7      | Found a faded altar of an unknown god.
  6868 | D:7      | Found a faded altar of an unknown god.
  6869 | D:7      | Found a faded altar of an unknown god.
  6970 | Temple   | Entered the Ecumenical Temple
  7109 | D:8      | Found Onkugitere's Gadget Shop.
  7118 | D:8      | Reached XP level 10. HP: 87/88 MP: 9/9
  7135 | D:8      | Reached skill level 5 in Dodging
  7315 | D:8      | You fall through a shaft for 3 floors!
  7480 | D:10     | Entered Level 10 of the Dungeon
  7725 | D:9      | Reached ***** piety under Trog
  7797 | D:9      | Found a staircase to the Lair.
  7801 | D:9      | Reached skill level 11 in Axes
  7869 | D:9      | Received a gift from Trog
  7870 | D:9      | Got an ichor-stained executioner's axe {god gift}
  7871 | D:9      | Identified the +11 executioner's axe "Vefiynoc" {flame, rC+} (Trog gifted it to you on level 9 of the Dungeon)
  8086 | D:8      | Found an opulent altar of Gozag.
  8315 | D:9      | Found a shattered altar of Ashenzari.
  8489 | D:9      | Reached skill level 1 in Throwing
  9240 | D:10     | Noticed a gargoyle
  9246 | D:10     | Killed a gargoyle
  9246 | D:10     | Reached skill level 12 in Axes
  9376 | D:10     | Noticed Fannar
  9378 | D:10     | Killed Fannar
  9456 | D:10     | Found a staircase to the Orcish Mines.
  9505 | D:10     | Reached XP level 11. HP: 93/95 MP: 10/10
  9872 | D:10     | Noticed a hill giant
  9879 | D:10     | Killed a hill giant
 10187 | D:11     | Noticed Josephine
 10190 | D:11     | Killed Josephine
 10190 | D:11     | Reached skill level 13 in Axes
 10542 | D:11     | Reached skill level 14 in Axes
 10596 | D:11     | Noticed a hill giant
 10605 | D:11     | Killed a hill giant
 10760 | D:11     | Received a gift from Trog
 11178 | D:11     | Received a gift from Trog
 11530 | Lair:1   | Entered Level 1 of the Lair of Beasts
 11538 | Lair:1   | Got a steaming quarterstaff
 11539 | Lair:1   | Identified the +8 quarterstaff of the Foot {flame, rPois Stlth+} (You found it on level 1 of the Lair of Beasts)
 11734 | Lair:1   | Reached skill level 15 in Axes
 11809 | Lair:1   | Noticed Sonja
 11825 | Lair:1   | Killed Sonja
 11825 | Lair:1   | Reached skill level 10 in Fighting
 11825 | Lair:1   | Reached XP level 12. HP: 88/106 MP: 11/11
 12394 | Lair:2   | Reached skill level 10 in Armour
 12666 | Lair:2   | Received a gift from Trog
 12793 | Lair:2   | Noticed a death yak
 12794 | Lair:2   | Noticed a death yak
 12795 | Lair:2   | Noticed a death yak
 12796 | Lair:2   | Noticed a death yak
 12803 | Lair:2   | Killed a death yak
 12806 | Lair:2   | Killed a death yak
 12809 | Lair:2   | Killed a death yak
 12813 | Lair:2   | Killed a death yak
 13150 | Lair:2   | Reached skill level 16 in Axes
 13535 | Lair:2   | Received a gift from Trog
 13863 | Lair:3   | Reached skill level 1 in Evocations
 14000 | Lair:3   | Noticed a five-headed hydra
 14012 | Lair:3   | Killed a three-headed hydra
 14082 | Lair:3   | Noticed darthinebriated's ghost (journeyman HOFi)
 14290 | Lair:2   | Reached XP level 13. HP: 110/116 MP: 12/12
 15462 | Lair:4   | Identified 2 scrolls of acquirement
 15683 | Lair:4   | Received a gift from Trog
 15694 | Lair:4   | Found a hole to the Spider Nest.
 16147 | Lair:4   | Found a staircase to the Shoals.
 16880 | Lair:5   | Reached skill level 10 in Slings
 17156 | Lair:5   | Received a gift from Trog
 17280 | Lair:5   | Reached skill level 17 in Axes
 17559 | Lair:6   | Entered Level 6 of the Lair of Beasts
 18122 | Lair:6   | Found a runed door.
 18416 | Lair:6   | HP: 5/119 [tyrant leech (13)]
 18480 | Lair:6   | Reached ****** piety under Trog
 19106 | Lair:6   | Noticed a fire dragon
 19123 | Lair:6   | Killed a fire dragon
 19124 | Lair:6   | Received a gift from Trog
 19207 | Lair:6   | Got an ichor-stained war axe {god gift}
 19208 | Lair:6   | Identified the +4 war axe of Guuc {antimagic, rElec rPois MR+ Int+5} (Trog gifted it to you on level 6 of the Lair of Beasts)
 19408 | Lair:6   | Reached XP level 14. HP: 127/127 MP: 13/13
 20516 | Orc:1    | Entered Level 1 of the Orcish Mines
 20954 | Orc:1    | Noticed Nergalle
 20969 | Orc:1    | Killed Nergalle
 20973 | Orc:1    | Received a gift from Trog
 21119 | Orc:2    | Entered Level 2 of the Orcish Mines
 21175 | Orc:2    | Found Joghun's Food Boutique.
 21184 | Orc:2    | Noticed a stone giant
 21209 | Orc:2    | Killed a stone giant
 21211 | Orc:2    | HP: 4/127 [cyclops (19)]
 21212 | Orc:2    | Reached skill level 18 in Axes
 21493 | Orc:2    | Found Tuewo's Book Emporium.
 21589 | Orc:2    | Found Plog's Antique Weapon Emporium.
 21817 | Orc:2    | Found Puntet Xurr's Antique Armour Emporium.
 21823 | Orc:2    | Received a gift from Trog
 22192 | Orc:2    | Bought a glowing hat for 280 gold pieces
 22192 | Orc:2    | Bought a warped plate armour for 784 gold pieces
 22207 | Orc:2    | Identified the +10 plate armour of Altruism {*Drain +Blink Regen+ Int+6} (You bought it in a shop on level 2 of the Orcish Mines)
 22371 | Orc:2    | Found a staircase to the Elven Halls.
 22384 | Orc:2    | Found Tuyl Lachu's General Store.
 22819 | Orc:1    | Noticed an orc warlord
 22876 | Orc:1    | Killed an orc warlord
 23003 | Orc:2    | Bought a pair of runed boots for 294 gold pieces
 23003 | Orc:2    | Bought a steaming scale mail for 252 gold pieces
 23003 | Orc:2    | Identified the +5 scale mail of the Spheres {rN+ SInv} (You bought it in a shop on level 2 of the Orcish Mines)
 23032 | Orc:2    | Bought a +0 cloak for 72 gold pieces
 23397 | D:12     | Found Huudghogo's General Store.
 23431 | D:12     | Bought a scroll of identify for 34 gold pieces
 23873 | D:12     | Received a gift from Trog
 24062 | D:13     | Found a gate to the Vaults.
 24093 | D:13     | Reached skill level 19 in Axes
 24230 | D:13     | Reached XP level 15. HP: 136/136 MP: 14/14
 24836 | D:14     | Noticed Snorg
 24846 | D:14     | Killed Snorg
 25413 | D:15     | Entered Level 15 of the Dungeon
 25413 | D:15     | Noticed Agnes
 25424 | D:15     | Killed Agnes
 25706 | D:15     | Found a staircase to the Depths.
 26033 | D:15     | Received a gift from Trog
 26215 | D:15     | Reached skill level 5 in Stealth
 26384 | D:15     | Found a portal to a secret trove of treasure.
 26666 | Depths:1 | Entered Level 1 of the Depths
 27017 | Depths:1 | Reached skill level 20 in Axes
 27017 | Depths:1 | Reached skill level 1 in Shields
 27112 | Depths:1 | Noticed a lich
 27135 | Depths:1 | Killed a lich
 27502 | Depths:1 | Reached XP level 16. HP: 94/147 MP: 5/16
 28073 | Depths:1 | Found a gateway to Hell.
 28121 | Depths:1 | Reached skill level 15 in Fighting
 28284 | Depths:1 | Noticed a lich
 28301 | Depths:1 | Killed a lich
 28413 | Depths:1 | Received a gift from Trog
 28428 | Depths:1 | Paralysed by a great orb of eyes for 2 turns
 28696 | Depths:1 | Reached skill level 5 in Shields
 28830 | Depths:1 | HP: 4/149 [deep troll (21)]
 28831 | Depths:1 | Slain by a deep troll

Skill      XL: |  1  2  3  4  5  6  7  8  9 10 11 12 13 14 15 16 |
---------------+-------------------------------------------------+-----
Axes           | 4 5 6 7 9 10 12 15 16 17 19 20 | 20.4
Fighting       | 4 5 6 7 8 10 11 12 13 14 15 | 15.3
Armour         | 3 4 5 6 7 8 9 10 12 13 14 | 14.5
Slings         | 2 4 6 7 8 9 10 11 12 | 12.3
Dodging        | 3 4 6 7 |  7.6
Maces & Flails | 1 |  1.6
Stealth        | 1 2 3 5 |  5.0
Throwing       | 1 2 3 |  3.7
Evocations     | 1 |  1.3
Shields        | 2 5 |  5.3

Action                   |  1- 3 |  4- 6 |  7- 9 | 10-12 | 13-15 | 16-18 || total
-------------------------+-------+-------+-------+-------+-------+-------++-------
Melee: Hand axe          |    89 |   140 |   328 |   162 |       |       ||   719
       Headbutt          |    17 |    32 |    76 |    88 |   166 |    60 ||   439
       Flail             |       |     5 |       |       |       |       ||     5
       Executioner's axe |       |       |       |   370 |   658 |       ||  1028
       War axe           |       |       |       |       |   176 |   169 ||   345
       Hunting sling     |       |       |       |       |     1 |       ||     1
 Fire: Hunting sling     |       |    38 |    51 |   134 |   456 |    29 ||   708
Throw: Stone             |     9 |     4 |     3 |     3 |       |       ||    19
       Tomahawk          |       |       |       |    21 |    36 |       ||    57
Invok: Trog's Hand       |       |     2 |     1 |     1 |     5 |       ||     9
       Berserk           |       |     1 |     2 |       |       |       ||     3
       Burn Spellbooks   |       |       |       |     3 |     3 |       ||     6
Evoke: Wand              |       |       |       |     9 |     9 |     1 ||    19
  Use: Scroll            |       |     3 |     8 |     9 |    21 |       ||    41
       Potion            |       |       |       |       |     5 |     1 ||     6
  Eat: Chunk             |     1 |     8 |    13 |    25 |    23 |     1 ||    71
       Beef jerky        |       |     1 |       |     1 |       |       ||     2
       Fruit             |       |       |       |     1 |       |       ||     1
       Meat ration       |       |       |       |       |     4 |     1 ||     5
       Pizza             |       |       |       |       |     1 |       ||     1
Armor: Animal skin       |    10 |       |       |       |       |       ||    10
       Chain mail        |    28 |    66 |     9 |       |       |       ||   103
       Scale mail        |       |       |   121 |   230 |   157 |       ||   508
       Plate armour      |       |       |       |     1 |   355 |    94 ||   450
Dodge: Dodged            |    51 |    66 |   201 |   384 |   419 |    53 ||  1174
Block: Buckler           |       |       |       |       |    34 |    37 ||    71
